 Dungeon Crawl Stone Soup version 0.26-a0-682-g294304f6e8 (webtiles) character file.

Game seed: 5356236500523837206

7 Gargoyl the Skirmisher (level 2, -4/29 HPs)
             Began as a Gnoll Abyssal Knight on Oct 20, 2020.
             Was a Follower of Lugonu.
             Slain by a phantasmal warrior (31 damage)
             ... on level 1 of the Abyss.
             The game lasted 00:00:18 (265 turns).

Gargoyl the Skirmisher (Gnoll Abyssal Knight)        Turns: 265, Time: 00:00:18

Health: -4/29      AC:  3    Str: 14    XL:     2   Next: 4%
Magic:  5/5        EV: 12    Int: 14    God:    Lugonu [*.....]
Gold:   11         SH:  0    Dex: 14    Spells: 1/1 levels left

rFire    . . .     SeeInvis .   a - +1 hand axe
rCold    . . .     Faith    .   (no shield)
rNeg     . . .     Spirit   .   b - +0 leather armour
rPois    .         Reflect  .   (no helmet)
rElec    .         Harm     .   (no cloak)
rCorr    .         Rampage  .   (no gloves)
MR       .....                  (no boots)
Stlth    +.........             (no amulet)
HPRegen  0.09/turn              (no ring)
MPRegen  0.09/turn              (no ring)

@: no status effects
A: distributed training, fangs 1, strong nose
a: Depart the Abyss, Renounce Religion


You were on level 1 of the Abyss.
You worshipped Lugonu.
Lugonu was aware of your devotion.
You visited 0 branches of the dungeon, and saw 0 of its levels.
You visited the Abyss 1 time.

You collected 11 gold pieces.

Inventory:

Hand Weapons
 a - a +1 hand axe (weapon)
Armour
 b - a +0 leather armour (worn)


   Skills:
 + Level 6.4 Fighting
 + Level 0.2 Short Blades
 + Level 0.2 Long Blades
 + Level 4.4 Axes
 + Level 0.2 Maces & Flails
 + Level 0.2 Polearms
 + Level 0.2 Staves
 + Level 0.2 Slings
 + Level 0.2 Bows
 + Level 0.2 Crossbows
 + Level 0.2 Throwing
 + Level 4.4 Armour
 + Level 2.4 Dodging
 + Level 0.2 Stealth
 + Level 0.2 Shields
 + Level 0.2 Unarmed Combat
 + Level 0.2 Spellcasting
 + Level 0.1 Conjurations
 + Level 0.1 Hexes
 + Level 0.1 Summonings
 + Level 0.1 Necromancy
 + Level 0.1 Translocations
 + Level 0.1 Transmutations
 + Level 0.1 Fire Magic
 + Level 0.1 Ice Magic
 + Level 0.1 Air Magic
 + Level 0.1 Earth Magic
 + Level 0.1 Poison Magic
 + Level 4.4 Invocations
 + Level 0.2 Evocations


You had one spell level left.
You didn't know any spells.
Your spell library was empty.

Dungeon Overview and Level Annotations

Branches:
Dungeon (0/15)

Altars:


Innate Abilities, Weirdness & Mutations

Your experience applies equally to all skills.
You have very sharp teeth.
Your uncanny sense of smell can sniff out nearby items.


Message History

You enter the shallow water.
Moving in this stuff is going to be slow.
You now have 11 gold pieces.
An ettin skeleton comes into view.
Found 16 gold pieces.
A worldbinder comes into view.
A phantasmal warrior comes into view.
A freezing wraith comes into view.
You enter the shallow water.
Moving in this stuff is going to be slow.
The worldbinder misses you. The worldbinder hits you.
The worldbinder calls forth creatures from the Elven Halls!
The worldbinder calls forth creatures from the Elven Halls!
The phantasmal warrior hits you but does no damage.
The phantasmal warrior blinks!
The deep elf mage gestures wildly while chanting.
The worldbinder closely misses you. The worldbinder barely misses you.
The phantasmal warrior hits you!!
Ouch! That really hurt!
You die...

## .. #. ##
.#.###....
......#.
#....... .#
##.#....###
#.#.####.#
###≈W@.#.≈#
##.#≈x≈≈≈≈#
#≈≈≈≈#s.≈#..#
#..≈≈#§#.# .#
#≈##≈≈eeZs# ##.#
#≈.≈≈≈##.###...#
≈#W#♣.#r#..#...
≈.#....#.#..# ##
#..#.... #


You could see a deep elf knight (summoned), a phantasmal warrior, a freezing
wraith, a deep elf mage (summoned), a worldbinder, 2 jumping spiders, a hell rat
(summoned) and an ettin skeleton.

Vanquished Creatures
  A white imp (Abyss:1)
1 creature vanquished.

Notes
Turn   | Place    | Note
-------+----------+-------------------------------------------
     0 | Abyss:1  | Gargoyl the Gnoll Abyssal Knight began the quest for the
                  | Orb.
     0 | Abyss:1  | Reached XP level 1. HP: 23/23 MP: 3/3
    50 | Abyss:1  | Noticed a large abomination
    76 | Abyss:1  | Reached XP level 2. HP: 14/29 MP: 5/5
   258 | Abyss:1  | Noticed a worldbinder
   259 | Abyss:1  | Noticed a phantasmal warrior
   261 | Abyss:1  | Noticed a freezing wraith
   263 | Abyss:1  | Noticed a deep elf knight
   264 | Abyss:1  | Noticed a deep elf mage
   265 | Abyss:1  | Noticed a jumping spider
   265 | Abyss:1  | Noticed a jumping spider
   265 | Abyss:1  | Slain by a phantasmal warrior

Illustrated notes

Levels and vault maps discovered:
Abyss:1:  hangedman_cross_veins

Action                   || total
-------------------------++-------
Melee: Hand axe          ||     7
       Bite              ||     1
 Stab: Distracted        ||     1
Armor: Leather armour    ||     4
Dodge: Dodged            ||     4

Table legend: (Time is in decaauts)
 A = Elapsed time spent in this place.
 B = Non-inter-level travel time spent in this place.
 C = Inter-level travel time spent in this place.
 D = Time resting spent in this place.
 E = Time spent auto-exploring this place.
 F = Levels seen in this place.
 G = Mean time per level.
                   A        B        C        D        E       F      G
               +--------+--------+--------+--------+--------+-----+--------+
         Total |    269 |    269 |      0 |      0 |    234 |   1 |  269.0 |
         Abyss |    269 |    269 |      0 |      0 |    234 |   1 |  269.0 |
               +--------+--------+--------+--------+--------+-----+--------+

Top non-repeatable levels by time:
 Abyss:1: 269 daAuts
